 Dungeon Crawl Stone Soup version 0.27.1-33-g824d729ab1 (webtiles) character file.

Game seed: 16347010337409879794

373 pkoi the Insei (level 6, -3/51 HPs)
             Began as a Draconian Monk on Dec 21, 2021.
             Killed from afar by Ijyb (12 damage)
             ... with a bolt of acid
             ... on level 4 of the Dungeon.
             The game lasted 00:04:25 (4500 turns).

pkoi the Insei (Draconian Monk)                     Turns: 4500, Time: 00:04:25

Health: -3/51      AC:  7    Str: 13    XL:     6   Next: 43%
Magic:  6/6        EV: 16    Int: 13    God:
Gold:   8          SH:  0    Dex: 13    Spells: 5/5 levels left

rFire    + + .     SeeInvis .   a - +2 short sword (vamp)
rCold    + . .     Faith    .   (no shield)
rNeg     . . .     Spirit   .   (armour unavailable)
rPois    .         Reflect  .   (helmet restricted)
rElec    .         Harm     .   m - scarf {rC+ rF+}
rCorr    .         Rampage  .   (no gloves)
Will     .....                  e - +0 pair of boots
Stlth    ++........             (no amulet)
HPRegen  0.17/turn              b - +4 ring of evasion
MPRegen  0.10/turn              k - ring of protection from fire

@: no status effects
A: AC +6, unfitting armour, cold-blooded
a: no special abilities


You were on level 4 of the Dungeon.
You visited 1 branch of the dungeon, and saw 4 of its levels.

You collected 113 gold pieces.
You spent 105 gold pieces at shops.

Inventory:

Hand Weapons
 a - a +2 vampiric short sword (weapon)
 n - a +0 dagger of freezing
Missiles
 i - 3 atropa-tipped darts (quivered)
 s - 6 poisoned darts
Armour
 e - a +0 pair of boots (worn)
 h - a +1 cloak
 m - a scarf of resistance (worn)
Jewellery
 b - a +4 ring of evasion (left hand)
 k - a ring of protection from fire (right hand)
Wands
 j - a wand of flame (8)
Scrolls
 c - 2 scrolls of identify
 o - a scroll of vulnerability
 q - a scroll of blinking
Potions
 d - a potion of magic
 f - 2 potions of curing
 g - 2 potions of might {unknown}
 l - a potion of degeneration {unknown}
 p - a potion of attraction {unknown}
 r - a potion of heal wounds {unknown}
 t - a potion of flight


   Skills:
 - Level 3.2 Fighting
 - Level 3.0 Dodging
 - Level 1.7 Stealth
 + Level 7.2 Unarmed Combat


You had 5 spell levels left.
You didn't know any spells.
Your spell library contained the following spells:

 Spells                   Type           Power      Damage    Failure   Level
 Sandblast                Erth           0%         2d4       30%         1
 Summon Small Mammal      Summ           0%         N/A       30%         1
 Ensorcelled Hibernation  Hex/Ice        0%         N/A       43%         2
 Passwall                 Tmut/Erth      0%         N/A       43%         2
 Call Canine Familiar     Summ           0%         N/A       67%         3
 Gell's Gravitas          Tloc           0%         N/A       67%         3
 Lesser Beckoning         Tloc           0%         N/A       67%         3
 Spider Form              Tmut/Pois      0%         N/A       67%         3
 Summon Guardian Golem    Hex/Summ       0%         N/A       67%         3
 Teleport Other           Tloc           0%         N/A       67%         3
 Lee's Rapid Deconstruct  Erth           0%         3d5*      100%        5
 Shadow Creatures         Summ           N/A        N/A       100%        6


Dungeon Overview and Level Annotations

Branches:
Dungeon (4/15)
 Temple: D:4-7

Altars:
Fedhas

Shops:
D:4 ?

Annotations:
D:4 Ijyb


Innate Abilities, Weirdness & Mutations

Your plain brown scales are hard. (AC +6)
You cannot fit into any form of body armour.
You are cold-blooded and may be slowed by cold attacks.


Message History

* * * LOW HITPOINT WARNING * * *
Ijyb screams, "Get away!"
The hound bites you but does no damage.
You feel a sense of dread.
a - a +2 vampiric short sword (weapon)
The hound closely misses you.
You hit the hound.
You feel better.
You tail-slap the hound.
The hound is heavily wounded.
The hound bites you but does no damage.
You hit the hound.
The hound is severely wounded.
The hound misses you. The hound completely misses you.
You hit the hound.
You feel better.
The hound is almost dead.
The hound closely misses you.
You barely miss the hound.
Your tail-slap misses the hound.
The hound is almost dead.
The hound completely misses you. The hound bites you but does no damage.
You hit the hound.
You feel better.
You kill the hound!
You hit Ijyb.
You feel better.
Your tail-slap misses Ijyb.
You punch Ijyb.
Ijyb is moderately wounded.
Ijyb closely misses you.
You hit Ijyb but do no damage. You tail-slap Ijyb, but do no damage.
Ijyb is moderately wounded.
Ijyb hits you with a +0 dagger.
You hit Ijyb but do no damage.
Your tail-slap misses Ijyb.
Ijyb is moderately wounded.
Ijyb barely misses you.
Ijyb zaps a wand.
The bolt of acid hits you!
* * * LOW HITPOINT WARNING * * *
You are splashed with acid!
* * * LOW HITPOINT WARNING * * *
You hit Ijyb.
You feel better.
Ijyb is heavily wounded.
Ijyb hits you with a +0 dagger.
* * * LOW HITPOINT WARNING * * *
You barely miss Ijyb.
Your tail-slap misses Ijyb.
Ijyb is heavily wounded.
Ijyb zaps a wand.
The bolt of acid hits you!
You die...

.....##.##.#......#############..
....###.##.###.#### #....#....
.######.##.#...# #....#....
........##.#.#### #....#....
##########......# #....#.... #
#......# #....#.... ######*
#......# #....#.... ......*
#....##########....#....
....?.####.....g@.....)..........
..............###################
..?...####...[# #..............
......* ###### #............).
#....#* ########..............
.....***** #<....................
.....,,,,* ########..............
....,,,,,* #..............
....,,,,,* #..............


You could see Ijyb.

Vanquished Creatures
  A phantom (D:4)
  A hound (D:4)
  An iguana (D:4)
  Jessica (D:3)
  Terence (D:2)
  8 adders
  5 worms
  4 dart slugs
  An orc (D:3)
  8 ball pythons
  4 bats
  10 endoplasms
  8 giant cockroaches
  8 goblins
  11 hobgoblins
  5 jackals
  5 quokkas
  4 frilled lizards
  4 kobolds
  8 rats
98 creatures vanquished.

Vanquished Creatures (others)
  A plant (D:1)
1 creature vanquished.

Grand Total: 99 creatures vanquished

Notes
Turn   | Place    | Note
-------+----------+-------------------------------------------
     0 | D:1      | pkoi the Draconian Monk began the quest for the Orb.
     0 | D:1      | Reached XP level 1. HP: 19/19 MP: 1/1
   425 | D:1      | Reached XP level 2. HP: 26/26 MP: 2/2
   599 | D:1      | Found a faded altar of an unknown god.
   681 | D:1      | Reached skill level 4 in Unarmed Combat
   860 | D:1      | Reached XP level 3. HP: 31/31 MP: 3/3
  1304 | D:2      | Reached XP level 4. HP: 29/38 MP: 4/4
  1313 | D:2      | Reached skill level 5 in Unarmed Combat
  2218 | D:2      | Noticed Terence
  2237 | D:2      | Killed Terence
  2238 | D:2      | Reached XP level 5. HP: 16/45 MP: 5/5
  2645 | D:3      | Reached skill level 6 in Unarmed Combat
  3039 | D:3      | Found a blossoming altar of Fedhas.
  3254 | D:3      | Noticed Jessica
  3270 | D:3      | Killed Jessica
  4014 | D:4      | Found Roediz's Magic Scroll Shoppe.
  4025 | D:4      | Bought a scroll of blinking for 105 gold pieces
  4213 | D:4      | Reached XP level 6. HP: 46/51 MP: 6/6
  4266 | D:4      | Reached skill level 7 in Unarmed Combat
  4475 | D:4      | Noticed Ijyb
  4500 | D:4      | Killed from afar by Ijyb

Illustrated notes

Levels and vault maps discovered:
D:1:      roderic_crop_circles_arrival_small, layout_basic,
          shapermc_ecumenical_altar_pompeii, minmay_tetromino_t2
D:2:      minmay_diamond_boxcup, layout_basic, minmay_randomly_rotated_circles,
          uniq_terence
D:3:      layout_basic, mainiacjoe_overflow_surrounded_room,
          kennysheep_generic_room_7, uniq_jessica
D:4:      layout_basic, serial_shops, nicolae_diamond_shop, minmay_bisected,
          uniq_ijyb

Skill      XL: |  1  2  3  4  5  6 |
---------------+-------------------+-----
Unarmed Combat | 4 5 6 7 |  7.2
Dodging        | 3 |  3.0
Fighting       | |  3.2
Stealth        | |  1.7

Action                   |  1- 3 |  4- 6 || total
-------------------------+-------+-------++-------
Melee: Unarmed           |   103 |   201 ||   304
       Tailslap          |    17 |    34 ||    51
       Punch             |     4 |     3 ||     7
       Short sword       |    20 |    42 ||    62
  Use: Potion            |     3 |       ||     3
       Scroll            |     1 |     6 ||     7
 Stab: Sleeping          |     4 |     9 ||    13
Armor: Skin              |    40 |    35 ||    75
Dodge: Dodged            |   100 |   174 ||   274
